[Event "Team 45 45 League T64"]
[Site "Internet Chess Club"]
[Date "2015.04.10"]
[Round "6"]
[White "JRussell2"]
[Black "g8wrb"]
[Result "0-1"]
[WhiteElo "1396"]
[BlackElo "1460"]
[Opening "Scotch: Göring gambit, Bardeleben variation"]
[ECO "C44"]
[Time "11:00:32"]
[TimeControl "2700+45"]

1. e4 e5 2. Nf3 Nc6 3. d4 exd4 4. Bc4 Bb4+ 5. c3 dxc3 6. Nxc3 Nf6 7. Bd3 O-O 8.
Bg5 d6 9. O-O Be6 10. Nd5 Bxd5 11. exd5 Ne5 12. Nxe5 dxe5 13. Qc2 h6 14. Bxf6
Qxf6 15. Rad1 Bd6 16. Be4 Rfe8 17. Qb3 b6 18. Bc2 Bc5 19. Qd3 e4 20. Qd2 Qxb2
21. Rde1 Qxa2 22. Qc1 Qxd5 23. Qb1 e3 24. fxe3 Rxe3 25. Kh1 Rae8 26. Rxe3 Rxe3
27. Rxf7 Qxf7 28. Qc1 Qe7 {White resigns} 0-1

[Event "Team 45 45 League T64"]
[Site "Internet Chess Club"]
[Date "2015.04.12"]
[Round "6"]
[White "SeniorCitizen"]
[Black "Fulmar"]
[Result "1-0"]
[WhiteElo "1353"]
[BlackElo "1206"]
[Opening "Danish gambit: Collijn defense"]
[ECO "C21"]
[Time "17:05:07"]
[TimeControl "2700+45"]

1. e4 e5 2. d4 exd4 3. c3 dxc3 4. Bc4 cxb2 5. Bxb2 Qe7 6. Qc2 d6 7. Nf3 Bd7 8.
O-O Nc6 9. Nbd2 O-O-O 10. Nd4 Nh6 11. Bb5 Nxd4 12. Bxd7+ Rxd7 13. Bxd4 c5 14.
Be3 g6 15. Rab1 Ng4 16. Bf4 Bh6 17. Bxh6 Nxh6 18. Qa4 Kb8 19. Nc4 Rc8 20. Na5
Rcc7 21. Nc6+ Rxc6 22. Qxc6 Rc7 23. Qd5 Qe5 24. Rfd1 Qxd5 25. Rxd5 Rc6 26. Rbd1
Kc7 27. e5 dxe5 28. Rxe5 c4 29. h3 a6 30. Re7+ Kb6 31. Rb1+ Kc5 32. Rexb7 c3 33.
R7b3 Kd4 34. Rd1+ Kc4 35. Rc1 Kd3 36. Kf1 Kd2 37. Re1 Re6 38. Ra1 c2 39. Rb2 Rc6
40. f3 Rc3 41. Kf2 Kd3 42. Rc1 Kd2 43. Ra1 Nf5 44. g4 Nd6 45. Rb4 Nc4 46. Rb7
c1=Q 47. Rd7+ Kc2 48. Rxc1+ Kxc1 49. Rc7 Kb2 50. Rxf7 Kxa2 51. Rxh7 a5 52. Ra7
Ra3 53. h4 a4 54. Ra6 Kb3 55. h5 gxh5 56. gxh5 Ra2+ 57. Kg3 Rd2 58. h6 Rd7 59.
Kg4 a3 60. Kg5 a2 61. f4 Kb2 62. f5 a1=Q 63. Rxa1 Kxa1 64. Kg6 Nd6 65. f6 Nf7
66. Kg7 Ne5+ 67. Kg8 Rd8+ 68. Kg7 Rd7+ 69. Kg8 Rf7 70. h7 Rxf6 71. h8=Q Rg6+ 72.
Kh7 Re6 73. Qa8+ Kb2 74. Qb7+ Kc3 75. Qc8+ Rc6 76. Qh3+ Nd3 77. Qd7 Ne5 78. Qd5
Rc7+ 79. Kh6 Nf7+ 80. Kh5 Ra7 81. Qc5+ Kb2 82. Qxa7 Kb1 83. Qxf7 Ka1 84. Qb7 Ka2
85. Kg5 Ka1 86. Kf5 Ka2 87. Ke4 Ka1 88. Kd4 Ka2 89. Kc3 Ka1 90. Qb6 Ka2 91. Qb2#
{Black checkmated} 1-0

[Event "Team 45 45 League T64"]
[Site "Internet Chess Club"]
[Date "2015.04.13"]
[Round "6"]
[White "bardu"]
[Black "Leon13"]
[Result "0-1"]
[WhiteElo "1169"]
[BlackElo "1292"]
[Opening "Ruy Lopez: closed, Bogolyubov variation"]
[ECO "C62"]
[Time "14:07:05"]
[TimeControl "2700+45"]

1. e4 e5 2. Nf3 Nc6 3. Bb5 d6 4. O-O Bg4 5. Re1 Be7 6. c3 Nf6 7. d4 a6 8. Ba4 b5
9. Bb3 O-O 10. dxe5 Nxe5 11. Nbd2 Nd3 12. Re3 Nxc1 13. Qxc1 h6 14. a4 Rb8 15.
axb5 axb5 16. Nd4 Rb6 17. h3 Bh5 18. Nf5 Nh7 19. Rg3 Bf6 20. Nxh6+ Kh8 21. Nf5
Be5 22. Rd3 Qf6 23. Ra7 c5 24. Bd5 Bg6 25. Rb7 Rxb7 26. Bxb7 Bxf5 27. exf5 Qxf5
28. Rxd6 Bxd6 29. Be4 Qe5 {White resigns} 0-1

[Event "Team 45 45 League T64"]
[Site "Internet Chess Club"]
[Date "2015.04.12"]
[Round "6"]
[White "Andaluz"]
[Black "jaybird44"]
[Result "1-0"]
[WhiteElo "1353"]
[BlackElo "1213"]
[Opening "Sicilian defense"]
[ECO "B30"]
[Time "14:00:32"]
[TimeControl "2700+45"]

1. e4 c5 2. Nf3 Nc6 3. d3 d6 4. Nc3 Nf6 5. Be3 e6 6. Be2 Be7 7. O-O O-O 8. d4
cxd4 9. Nxd4 Nxd4 10. Qxd4 e5 11. Qd1 Be6 12. Bf3 b6 13. Qd3 Rc8 14. b3 Qc7 15.
Bd2 Rfd8 16. Rac1 d5 17. exd5 e4 18. Nxe4 Rxd5 19. Nxf6+ Bxf6 20. Bxd5 Bxd5 21.
Qxd5 Rd8 22. Qe4 Kf8 23. Bb4+ Kg8 24. Rfd1 Bg5 25. Rxd8+ Qxd8 26. Re1 {Black
resigns} 1-0

[Event "Team 45 45 League T64"]
[Site "Internet Chess Club"]
[Date "2015.04.11"]
[Round "6"]
[White "Rococo"]
[Black "Kandor"]
[Result "1/2-1/2"]
[WhiteElo "1299"]
[BlackElo "1310"]
[Opening "King's Indian: London system"]
[ECO "A45"]
[Time "15:00:27"]
[TimeControl "2700+45"]

1. d4 Nf6 2. Bf4 g6 3. Nf3 Bg7 4. e3 d5 5. Bd3 O-O 6. c3 Nc6 7. Nbd2 Re8 8. Qc2
Nd7 9. O-O-O Nb6 10. h4 Bg4 11. Rdg1 e6 12. h5 Bxh5 13. g4 Bxg4 14. Rxg4 f5 15.
Rgh4 h5 16. Rg1 Ne7 17. Be5 Bxe5 18. Nxe5 Kg7 19. Rxh5 Rh8 20. Rhg5 Rh6 21. Qd1
Qh8 22. Be2 Qh7 23. Rh5 Rh8 24. Rxh6 Qxh6 25. Bf3 g5 26. Rh1 Qf6 27. Rxh8 Kxh8
28. Qh1+ Kg7 29. Bd1 g4 30. Qg2 Kf8 31. f3 gxf3 32. Ndxf3 Qh6 33. Qg5 Qxg5 34.
Nxg5 Kg7 35. Nxe6+ Kf6 36. Nxc7 Kg5 37. Ne6+ Kf6 38. Nc5 Nc6 39. Nxc6 bxc6 40.
Na4 Nc4 41. Nc5 Nxe3 42. Ba4 f4 43. Kd2 Nc4+ 44. Kc2 f3 45. Kd1 Nxb2+ 46. Ke1
Nxa4 47. Nxa4 Kf5 48. Kf2 Kf4 49. Nc5 a5 50. Ne6+ Ke4 51. Ng5+ Kd3 52. Nxf3 Kxc3
53. Ne5 Kxd4 54. Nxc6+ Kc4 55. Nxa5+ Kb4 56. Nb3 Ka3 57. Nd4 Kxa2 58. Kf3 Kb2
59. Kf4 Kc3 60. Ke5 Kd3 61. Kxd5 {Game drawn because neither player has mating
material} 1/2-1/2

[Event "Team 45 45 League T64"]
[Site "Internet Chess Club"]
[Date "2015.04.13"]
[Round "6"]
[White "rgadoury"]
[Black "wildangels"]
[Result "1-0"]
[WhiteElo "1470"]
[BlackElo "1086"]
[Opening "Queen's pawn game"]
[ECO "A45"]
[Time "19:16:22"]
[TimeControl "2700+45"]

1. d4 Nf6 2. g3 d5 3. Bg2 Nc6 4. Nf3 Bg4 5. O-O e6 6. c3 Be7 7. Nbd2 Nd7 8. h3
Bf5 9. Re1 Nf6 10. Nh2 Qd7 11. e4 dxe4 12. Nxe4 O-O 13. Nxf6+ Bxf6 14. Nf3 Rfe8
15. Bg5 e5 16. Bxf6 gxf6 17. d5 e4 18. Nh4 Na5 19. Nxf5 Qxf5 20. b3 c6 21. c4
Rad8 22. Qc2 cxd5 23. cxd5 Rxd5 24. Bxe4 Qc8 25. Qxc8 Rxc8 26. Bxd5 Kf8 27. b4
Rd8 28. Rad1 Nc6 29. Bxc6 Rxd1 30. Rxd1 bxc6 31. Rc1 Kg7 32. Rxc6 Kg6 33. f3 h5
34. h4 Kg7 35. Ra6 f5 36. Rxa7 Kg6 37. f4 Kf6 38. Ra5 Kg6 39. b5 f6 40. b6 Kf7
41. b7 {Black resigns} 1-0

[Event "Team 45 45 League T64"]
[Site "Internet Chess Club"]
[Date "2015.04.10"]
[Round "6"]
[White "smsxman"]
[Black "semperfi"]
[Result "0-1"]
[WhiteElo "1407"]
[BlackElo "1414"]
[Opening "French defense"]
[ECO "C00"]
[Time "08:02:51"]
[TimeControl "2700+45"]

1. e4 e6 2. Nf3 d5 3. exd5 exd5 4. d4 Nf6 5. Nc3 Bb4 6. Bd2 O-O 7. Be2 c6 8. O-O
Nbd7 9. a3 Bd6 10. Re1 Nb6 11. Bd3 Bg4 12. Be2 Nc4 13. Bc1 Ne4 14. Nxe4 dxe4 15.
Nd2 Bxe2 16. Rxe2 Nxd2 17. Bxd2 Re8 18. c4 Qh4 19. g3 Qf6 20. Bc3 Rad8 21. d5
Be5 22. Rd2 Bxc3 23. bxc3 Qxc3 24. Rc1 Qf3 25. Qxf3 exf3 26. Rd3 cxd5 27. cxd5
Rc8 28. Rcd1 Rc2 29. Rxf3 Ree2 30. d6 Red2 31. Rb1 b6 32. Re1 Re2 33. Rxe2 Rxe2
34. Rd3 Re8 35. f4 Rd8 36. Kf2 f5 37. h3 Kf7 38. Kf3 Ke6 39. g4 g6 40. gxf5+
gxf5 41. Kg3 Rxd6 42. Re3+ Kd7 43. Kh4 a5 44. Kg5 Re6 45. Rd3+ Ke7 46. Kxf5 Rd6
47. Rc3 Rf6+ 48. Kg4 Kf7 49. f5 Kg7 50. h4 h6 51. Rc7+ Rf7 52. Rc3 Rd7 53. Rc4
b5 54. Rc5 b4 55. Rxa5 b3 56. Rb5 Rd3 57. a4 Rd4+ 58. Kh5 Rxa4 59. Rxb3 Ra5 60.
Rb7+ Kf6 61. Rb6+ Kxf5 62. Rxh6 Kf4+ 63. Kg6 Ra6+ 64. Kf7 Rxh6 {White resigns}
0-1

[Event "Team 45 45 League T64"]
[Site "Internet Chess Club"]
[Date "2015.04.10"]
[Round "6"]
[White "Aquaman"]
[Black "SeniorCitizen"]
[Result "1-0"]
[WhiteElo "1336"]
[BlackElo "1343"]
[Opening "Blackmar gambit"]
[ECO "D00"]
[Time "15:00:38"]
[TimeControl "2700+45"]

1. d4 d5 2. e4 dxe4 3. Nc3 Nf6 4. f3 exf3 5. Nxf3 Bg4 6. h3 Bh5 7. g4 Bg6 8. Ne5
Nbd7 9. Nxg6 hxg6 10. Qf3 c6 11. Bc4 e6 12. O-O Qe7 13. Bf4 Nb6 14. Bb3 Nfd5 15.
Nxd5 Nxd5 16. Bd2 Qf6 17. Qd3 Qh4 18. Rf3 Qe7 19. a3 O-O-O 20. Qf1 f6 21. Re1
Qd7 22. Qe2 Re8 23. c4 Nc7 24. Bc3 b5 25. c5 Nd5 26. Kg2 Be7 27. Qxe6 Qxe6 28.
Rxe6 Kd7 29. Re1 Rhf8 30. Bc2 g5 31. Bf5+ Kc7 32. Ba5+ Kb7 33. Bg6 Rd8 34. Bxd8
Bxd8 {Black resigns} 1-0

[Event "Team 45 45 League T64"]
[Site "Internet Chess Club"]
[Date "2015.04.13"]
[Round "6"]
[White "olivermx"]
[Black "RobertBuice"]
[Result "1-0"]
[WhiteElo "1388"]
[BlackElo "1159"]
[Opening "Four knights: Spanish, classical defense"]
[ECO "C48"]
[Time "18:38:04"]
[TimeControl "2700+45"]

1. e4 e5 2. Nf3 Nf6 3. Nc3 Nc6 4. Bb5 Bc5 5. O-O O-O 6. d3 Ng4 7. Bg5 f6 8. Bh4
Ne7 9. Bc4+ Kh8 10. h3 Nh6 11. Ne2 f5 12. Nxe5 f4 13. Bg5 Qe8 14. Bxf4 Ng6 15.
Nxg6+ Qxg6 16. Bxc7 d5 17. Nf4 Rxf4 18. Bxf4 Bxh3 19. Qf3 Bg4 20. Qg3 dxc4 21.
a3 Rd8 22. Bc7 Rf8 23. Ba5 Nf7 24. Bb4 Bd6 25. Bxd6 Nxd6 26. f3 cxd3 27. fxg4
Kg8 28. Rxf8+ Kxf8 29. cxd3 Nxe4 30. dxe4 Qxe4 31. Rf1+ Ke7 32. Re1 Qxe1+ 33.
Qxe1+ Kd6 34. Kf2 b5 35. Ke2 Kc5 36. Kd2 b4 37. axb4+ Kxb4 38. Kc2+ Kb5 39. Qe7
a5 40. Qxg7 a4 41. Qxh7 Kb4 42. Qc7 Kb5 43. g5 a3 44. bxa3 Ka4 45. Qb7 Ka5 46.
g6 Ka4 47. g7 Kxa3 48. Qb3# {Black checkmated} 1-0

[Event "Team 45 45 League T64"]
[Site "Internet Chess Club"]
[Date "2015.04.10"]
[Round "6"]
[White "bugeyes"]
[Black "oldbookseller"]
[Result "1-0"]
[WhiteElo "1125"]
[BlackElo "1101"]
[Opening "Ruy Lopez: Berlin defense, open variation"]
[ECO "C67"]
[Time "13:00:42"]
[TimeControl "2700+45"]

1. e4 e5 2. Nf3 Nc6 3. Bb5 Nf6 4. O-O Nxe4 5. d4 d6 6. dxe5 Bd7 7. exd6 Bxd6 8.
Re1 Qe7 9. Nfd2 O-O 10. Rxe4 Qf6 11. Nc3 Qh6 12. Nf3 Qg6 13. Re1 Bh3 14. Nh4 Qf6
15. gxh3 Qxh4 16. Qg4 Bxh2+ 17. Kxh2 Qxf2+ 18. Qg2 Qxe1 19. Qg3 Qe6 20. Bf4 g6
21. Rd1 Nb4 22. Bd3 c6 23. a3 Nd5 24. Nxd5 cxd5 25. Re1 Qb6 26. b4 Rac8 27. Be3
d4 28. Bh6 Rfd8 29. Qg5 Qd6+ 30. Qg3 Qf6 31. Bg5 Qd6 32. Bxd8 Rxd8 33. Qxd6 Rxd6
34. Re7 Rf6 35. Kg3 h5 36. h4 Kf8 37. Rxb7 Re6 38. Kf4 g5+ 39. Kxg5 Re5+ 40. Kf4
Re1 41. Kg5 Kg7 42. Kf5 Re6 43. Bc4 Rf6+ 44. Ke5 d3 45. cxd3 Rf1 46. Rxa7 Re1+
47. Kf5 Rf1+ 48. Kg5 Rg1+ 49. Kxh5 Rg6 50. Rxf7+ {Black resigns} 1-0

[Event "Team 45 45 League T64"]
[Site "Internet Chess Club"]
[Date "2015.04.13"]
[Round "6"]
[White "fishhead"]
[Black "pishd"]
[Result "1/2-1/2"]
[WhiteElo "1845"]
[BlackElo "1739"]
[Opening "French: Rubinstein variation"]
[ECO "C10"]
[Time "13:05:10"]
[TimeControl "2700+45"]

1. e4 e6 2. d4 d5 3. Nc3 dxe4 4. Nxe4 Nd7 5. Nf3 Ngf6 6. Ng3 c5 7. Be2 b6 8. O-O
Be7 9. c4 cxd4 10. Nxd4 Bb7 11. Bf3 Qc8 12. b3 O-O 13. Bb2 Rd8 14. Bxb7 Qxb7 15.
Qf3 Qxf3 16. Nxf3 Nc5 17. Rad1 Nd3 18. Bc3 Nb4 19. Bxb4 Bxb4 {Game drawn by
mutual agreement} 1/2-1/2

[Event "Team 45 45 League T64"]
[Site "Internet Chess Club"]
[Date "2015.04.09"]
[Round "6"]
[White "Bleddyn"]
[Black "no2"]
[Result "1-0"]
[WhiteElo "1703"]
[BlackElo "1564"]
[Opening "QGD: exchange, positional line, 5...c6"]
[ECO "D35"]
[Time "17:00:13"]
[TimeControl "2700+45"]

1. d4 d5 2. c4 e6 3. Nc3 Nf6 4. cxd5 exd5 5. Bg5 c6 6. e3 Be7 7. Bd3 Bg4 8. f3
Bh5 9. Nge2 Nbd7 10. Nf4 Bg6 11. Nxg6 hxg6 12. Qc2 Bd6 13. h3 Bg3+ 14. Kd2 Qa5
15. Bxg6 fxg6 16. Qxg6+ Kf8 17. Bxf6 Nxf6 18. Qxg3 Qb4 19. Kc2 Rd8 20. a3 Qe7
21. Rae1 Qf7 22. Qe5 Rh5 23. Qf4 Qg6+ 24. e4 dxe4 25. fxe4 Rxd4 26. g4 Rg5 27.
Rhf1 Kg8 28. Kc1 Kh7 29. Qe3 c5 30. Rf5 Rxf5 31. gxf5 Qe8 32. e5 Nh5 33. Qg5 Nf4
34. Re3 Qc6 35. Rg3 Qd7 36. e6 Qc7 37. e7 Qe5 38. e8=Q Nd3+ 39. Kb1 {Black
resigns} 1-0

[Event "Team 45 45 League T64"]
[Site "Internet Chess Club"]
[Date "2015.04.10"]
[Round "6"]
[White "lilith"]
[Black "TINAyoufatlard"]
[Result "0-1"]
[WhiteElo "1677"]
[BlackElo "1579"]
[Opening "Queen's bishop game"]
[ECO "D02"]
[Time "18:00:35"]
[TimeControl "2700+45"]

1. d4 Nf6 2. Nf3 d5 3. Bf4 e6 4. Nbd2 Be7 5. e3 O-O 6. Bd3 b6 7. O-O Bb7 8. c3
c5 9. Re1 Nc6 10. Bc2 Nh5 11. Be5 g6 12. e4 f6 13. Bg3 Nxg3 14. hxg3 Qd7 15. Qe2
cxd4 16. exd5 exd5 17. cxd4 Bd6 18. Qb5 Qf7 19. Bb3 Na5 20. Bc2 Rac8 21. Rac1
Bc6 22. Qd3 Qd7 23. Qe3 Kg7 24. Nb3 Nc4 25. Qc3 a5 26. a3 Bb5 27. Nbd2 Nxa3 28.
Qb3 Nxc2 29. Rxc2 a4 30. Qxd5 Rxc2 31. Ne4 Bb4 32. Qxd7+ Bxd7 {White resigns}
0-1

[Event "Team 45 45 League T64"]
[Site "Internet Chess Club"]
[Date "2015.04.11"]
[Round "6"]
[White "skuhl99"]
[Black "Fogbound"]
[Result "1-0"]
[WhiteElo "1453"]
[BlackElo "1226"]
[Opening "English opening"]
[ECO "A05"]
[Time "07:00:31"]
[TimeControl "2700+45"]

1. Nf3 Nf6 2. c4 d6 3. g3 g6 4. Bg2 Bg7 5. O-O O-O 6. Nc3 c6 7. b4 Nbd7 8. Rb1
Nb6 9. d3 Bg4 10. Qc2 Qc8 11. c5 dxc5 12. bxc5 Nbd5 13. Nxd5 Nxd5 14. Bb2 Nb4
15. Qb3 a5 16. Bxg7 Be6 17. Qb2 Re8 18. Bc3 Nd5 19. Bd2 Nb4 20. a3 Nd5 21. Qxb7
Nc7 22. Qxc8 Rexc8 23. Rb2 Nb5 24. a4 Nc7 25. Ng5 Bd7 26. Bh3 Ne6 27. Nxe6 fxe6
28. Rfb1 Kf7 29. Rb7 Ke8 30. Bf4 Kd8 31. Rb8 Ke8 32. Rxa8 Rxa8 33. Rb8+ Rxb8 34.
Bxb8 Kf7 35. Bc7 Bc8 36. Bxa5 Bb7 37. Bb6 h5 38. Bg2 Kf6 39. d4 Kf7 40. a5 Ke8
41. a6 Ba8 42. Be4 Kf7 43. h4 Kf6 44. f4 Kf7 45. Bf3 Kf6 46. e4 Kf7 47. g4 hxg4
48. Bxg4 Kf6 49. e5+ Kf7 50. Kf2 Kg7 51. Bxe6 Kf8 52. Bc8 Kg7 53. Bb7 Kh6 54.
Bxa8 Kh5 55. Bxc6 Kxh4 56. a7 Kg4 57. Ke3 Kf5 58. a8=Q e6 59. Qf8+ Kg4 60. Bf3+
Kg3 {Black resigns} 1-0

[Event "Team 45 45 League T64"]
[Site "Internet Chess Club"]
[Date "2015.04.14"]
[Round "6"]
[White "SaltofLife"]
[Black "Egmont"]
[Result "1-0"]
[WhiteElo "1937"]
[BlackElo "1803"]
[Opening "French: Two knights variation"]
[ECO "C00"]
[Time "07:12:36"]
[TimeControl "2700+45"]

1. e4 e6 2. Nf3 d5 3. Nc3 dxe4 4. Nxe4 Bd7 5. Ne5 Bc6 6. Nxc6 Nxc6 7. g3 Be7 8.
Bg2 Qd7 9. O-O Nf6 10. c3 O-O 11. d4 Rab8 12. Qe2 e5 13. Nxf6+ Bxf6 14. d5 Ne7
15. Be4 c6 16. dxc6 Nxc6 17. Be3 Rfd8 18. Rfd1 Qc7 19. Bd5 Nd4 20. cxd4 Rxd5 21.
Re1 Re8 22. Qf3 Qd7 23. dxe5 Rdxe5 24. Red1 Qb5 25. a4 Qa5 26. Qxb7 R5e7 27. Qb5
Qxb5 28. axb5 Bxb2 29. Rxa7 Re5 30. b6 Rb5 31. b7 g5 32. Ra8 Kf8 33. Bc5+ Rxc5
34. Rxe8+ {Black resigns} 1-0

[Event "Team 45 45 League T64"]
[Site "Internet Chess Club"]
[Date "2015.04.19"]
[Round "6"]
[White "AVEMARIA"]
[Black "parrot9"]
[Result "0-1"]
[WhiteElo "1629"]
[BlackElo "1703"]
[Opening "Sicilian: Canal-Sokolsky attack, 3...Bd7"]
[ECO "B52"]
[Time "09:00:21"]
[TimeControl "2700+45"]

1. e4 c5 2. Nf3 d6 3. Bb5+ Bd7 4. Bxd7+ Nxd7 5. O-O Ngf6 6. Nc3 g6 7. d3 Bg7 8.
h3 O-O 9. Be3 a6 10. a4 Qc7 11. Qd2 Rfe8 12. Rad1 e6 13. b3 d5 14. exd5 exd5 15.
Bf4 Qc6 16. Rfe1 Nf8 17. Bh6 Bh8 18. Rxe8 Rxe8 19. Re1 Ne6 20. Ng5 Nh5 21. Nxe6
Rxe6 22. Nd1 d4 23. Kf1 Be5 24. Nb2 b5 25. axb5 axb5 26. Ra1 Bc7 27. Re1 Rf6 28.
Bg5 Rf5 29. Kg1 Qd6 30. Re8+ Kg7 31. Bh6+ Kf6 32. f4 Nxf4 33. Bxf4 Rxf4 34. Qe2
Rf5 35. g4 Rg5 36. Qf2+ Kg7 37. Re2 h5 38. Qh4 Qf4 39. Rf2 Qc1+ 40. Kg2 Bf4 41.
Nd1 f6 42. Rxf4 Qxf4 43. Qg3 Qxg3+ 44. Kxg3 hxg4 45. hxg4 Re5 46. Kf2 f5 47.
gxf5 {White resigns} 0-1

[Event "Team 45 45 League T64"]
[Site "Internet Chess Club"]
[Date "2015.04.10"]
[Round "6"]
[White "Invicta-Knight"]
[Black "whiskeytown"]
[Result "0-1"]
[WhiteElo "1604"]
[BlackElo "1567"]
[Opening "Pirc: Byrne variation"]
[ECO "B07"]
[Time "13:10:47"]
[TimeControl "2700+45"]

1. e4 d6 2. d4 Nf6 3. Nc3 g6 4. Bg5 Bg7 5. Qd2 h6 6. Bh4 c6 7. O-O-O b5 8. f3
Nbd7 9. e5 dxe5 10. dxe5 b4 11. Nce2 Nd5 12. f4 a5 13. Nf3 Ba6 14. Nfd4 Bb7 15.
c4 bxc3 16. Nxc3 O-O 17. Nxc6 Bxc6 18. Nxd5 Bxd5 19. Qxd5 Rc8+ 20. Kb1 Qc7 21.
Ba6 Qc2+ 22. Ka1 Nb6 23. Qxa5 Na4 24. Bxc8 Qxb2# {White checkmated} 0-1

[Event "Team 45 45 League T64"]
[Site "Internet Chess Club"]
[Date "2015.04.14"]
[Round "6"]
[White "tightfist"]
[Black "Visin"]
[Result "1-0"]
[WhiteElo "1632"]
[BlackElo "1246"]
[Opening "Réti opening"]
[ECO "A04"]
[Time "08:00:09"]
[TimeControl "2700+45"]

1. Nf3 Nc6 2. c4 e5 3. d3 Nf6 4. Bd2 Bc5 5. e3 d5 6. Nxe5 Nxe5 7. d4 Nxc4 8.
Bxc4 Bd6 9. Bb3 c6 10. Nc3 Qc7 11. Rc1 Bxh2 12. Nxd5 Nxd5 13. Bxd5 Bd6 14. Qh5
g6 15. Qh6 Be6 16. Qg7 O-O-O 17. Bxe6+ fxe6 18. Qf6 Qe7 19. Qh4 Rdf8 20. Qxe7
Bxe7 21. e4 Kd7 22. Bh6 Rf7 23. Ke2 Bf8 24. Ke3 Bxh6+ 25. Rxh6 Kd6 26. e5+ Kd5
27. Rc5# {Black checkmated} 1-0

[Event "Team 45 45 League T64"]
[Site "Internet Chess Club"]
[Date "2015.04.10"]
[Round "6"]
[White "guyd52"]
[Black "Legomaster"]
[Result "1/2-1/2"]
[WhiteElo "1319"]
[BlackElo "1309"]
[Opening "Réti: King's Indian attack (Barcza system)"]
[ECO "A07"]
[Time "20:00:23"]
[TimeControl "2700+45"]

1. Nf3 d5 2. g3 Nc6 3. Bg2 Nf6 4. d3 e5 5. O-O Be6 6. Nbd2 Bd6 7. Re1 O-O 8. e4
dxe4 9. Nxe4 Nxe4 10. Rxe4 f5 11. Re2 Qd7 12. b3 Rae8 13. h3 f4 14. g4 b6 15.
Bb2 Bf7 16. Qd2 Nd4 17. Nxd4 exd4 18. Rxe8 Rxe8 19. Bxd4 c5 20. Bc3 Bc7 21. Bf3
Bd5 22. Qd1 Qc6 23. Kg2 Bxf3+ 24. Qxf3 Qxf3+ 25. Kxf3 b5 26. Bd2 g5 27. Rh1 a5
28. h4 h6 29. hxg5 hxg5 30. Rh6 c4 31. bxc4 bxc4 32. Rg6+ Kf7 33. Rxg5 cxd3 34.
cxd3 Rd8 35. Ke2 f3+ 36. Ke3 a4 37. Rf5+ Kg6 38. Rxf3 Kg5 39. Rf7 Bb6+ 40. Ke4+
Kxg4 41. Be3 Re8+ 42. Kd5 Bxe3 43. fxe3 Rxe3 44. Kd4 Re2 45. a3 Ra2 46. Kc4 Rxa3
47. d4 Ra1 48. d5 a3 49. d6 a2 50. Kb3 Rd1 51. Kxa2 Rxd6 {Game drawn by mutual
agreement} 1/2-1/2

[Event "Team 45 45 League T64"]
[Site "Internet Chess Club"]
[Date "2015.04.08"]
[Round "6"]
[White "Uku"]
[Black "Conjurer"]
[Result "1-0"]
[WhiteElo "1459"]
[BlackElo "1186"]
[Opening "Sicilian: Grand Prix attack"]
[ECO "B23"]
[Time "20:07:06"]
[TimeControl "2700+45"]

1. e4 c5 2. Nc3 Nc6 3. f4 g6 4. Bc4 Bg7 5. d3 e6 6. Nf3 Nge7 7. O-O O-O 8. Qe1
a6 9. Qh4 Nd4 10. Bb3 f5 11. Ng5 h6 12. Nf3 Nxb3 13. axb3 b5 14. Ne5 Qe8 15. Rf3
d6 16. Nxg6 Qxg6 17. Qxe7 Bd4+ 18. Be3 e5 19. Rg3 Bxe3+ 20. Kh1 Qxg3 21. hxg3
Rf7 22. Qd8+ Rf8 23. Qxd6 fxe4 24. Qd5+ Kh7 25. Qxe4+ Bf5 26. Qxe3 exf4 27. gxf4
Rae8 28. Qxc5 Rg8 29. Qc7+ Rg7 30. Qc6 Reg8 31. Qf6 Bc8 32. Rg1 Bb7 33. Qf5+ Kh8
34. Qf6 Kh7 35. Ne4 Rg6 36. Qf7+ R8g7 37. Nf6+ Kh8 38. Qf8+ Rg8 39. Nxg8 Rxg8
40. Qxh6# {Black checkmated} 1-0

[Event "Team 45 45 League T64"]
[Site "Internet Chess Club"]
[Date "2015.04.12"]
[Round "6"]
[White "WzeroMN"]
[Black "Jiawen5"]
[Result "0-1"]
[WhiteElo "1130"]
[BlackElo "1159"]
[Opening "Ruy Lopez: classical (Cordel) defense"]
[ECO "C64"]
[Time "16:01:23"]
[TimeControl "2700+45"]

1. e4 e5 2. Nf3 Nc6 3. Bb5 Bc5 4. O-O d6 5. h3 Nf6 6. d3 a6 7. Bc4 b5 8. Bb3 Be6
9. Bxe6 fxe6 10. c3 d5 11. b4 Bb6 12. Re1 Qe7 13. Be3 d4 14. Bg5 dxc3 15. Nxc3
Bd4 16. Nxd4 exd4 17. Ne2 h6 18. Bd2 Nxb4 19. Bxb4 Qxb4 20. Qb3 Qxb3 21. axb3 c5
22. Nf4 Kf7 23. Rac1 Rhc8 24. f3 a5 25. Rc2 a4 26. bxa4 bxa4 27. Ra1 a3 28. Rca2
c4 29. dxc4 Rxc4 30. Rxa3 Rxa3 31. Rxa3 Rc3 32. Ra7+ Kg8 33. Ra8+ Kh7 34. Ne2
Rd3 35. Ra1 Rd2 36. Ng3 d3 37. Kf1 Rc2 38. Rd1 Rc3 39. Kg1 Nd7 40. Nf1 Ne5 41.
Ne3 d2 42. Nf1 Nc4 43. Nxd2 Rd3 44. Rc1 Nxd2 45. Re1 Rxf3 46. gxf3 Nxf3+ 47. Kf2
Nxe1 48. Kxe1 Kg6 49. Kf2 Kg5 50. Kf3 e5 51. Ke3 Kh4 52. Kd3 Kxh3 53. Kc4 Kg4
54. Kd5 Kf4 55. Ke6 Kxe4 56. Kf7 g5 57. Kg6 g4 58. Kh5 g3 59. Kh4 g2 60. Kh3
g1=Q 61. Kh4 Kf4 62. Kh5 Qg5# {White checkmated} 0-1

[Event "Team 45 45 League T64"]
[Site "Internet Chess Club"]
[Date "2015.04.09"]
[Round "6"]
[White "dabodhi"]
[Black "Ilamihir"]
[Result "1-0"]
[WhiteElo "1373"]
[BlackElo "1126"]
[Opening "Sicilian: closed"]
[ECO "B24"]
[Time "17:15:53"]
[TimeControl "2700+45"]

1. e4 c5 2. Nc3 Nc6 3. g3 a6 4. Bg2 d6 5. d3 e6 6. Be3 Nf6 7. Nge2 d5 8. d4 cxd4
9. Nxd4 Nxd4 10. Bxd4 dxe4 11. Nxe4 Nxe4 12. Bxe4 f6 13. c3 Bd6 14. Qh5+ g6 15.
Qf3 e5 16. Be3 Qe7 17. Rd1 Rg8 18. O-O h5 19. h4 Bg4 20. Qg2 Bxd1 21. Rxd1 Rb8
22. Bd5 Rh8 23. c4 g5 24. Qh3 gxh4 25. Qxh4 Qg7 26. Bf3 Qg6 27. Rxd6 Ke7 28. c5
b6 29. Rxf6 Qb1+ 30. Kg2 Rhf8 31. Rxb6+ Kd7 32. Bc6+ Kc8 33. Qe7 Qf5 34. Rxb8+
Kxb8 35. Qb7# {Black checkmated} 1-0

[Event "Team 45 45 League T64"]
[Site "Internet Chess Club"]
[Date "2015.04.11"]
[Round "6"]
[White "Just-Jim"]
[Black "chips"]
[Result "0-1"]
[WhiteElo "1305"]
[BlackElo "1230"]
[Opening "Owen defense"]
[ECO "B00"]
[Time "09:05:25"]
[TimeControl "2700+45"]

1. e4 b6 2. Bc4 Bb7 3. Nc3 e5 4. Nf3 d6 5. d3 f6 6. h3 Nc6 7. Nh2 Nge7 8. O-O
Qd7 9. Be3 O-O-O 10. f4 Kb8 11. fxe5 Nxe5 12. Bb3 h6 13. Ba4 N5c6 14. d4 d5 15.
e5 fxe5 16. dxe5 d4 17. Bxd4 Qxd4+ 18. Qxd4 Rxd4 19. Bxc6 Nxc6 20. Rad1 Rxd1 21.
Rxd1 Bc5+ 22. Kh1 Nxe5 23. a3 Nc4 24. b4 Bd6 25. Nf3 Nxa3 26. Nd4 Bxb4 27. Ncb5
Nxb5 28. Nxb5 Ba6 29. Nd4 Kb7 30. Ne6 g5 31. Rd7 Bd6 32. Nd8+ Kc8 33. Nf7 Kxd7
34. Nxh8 Bb7 35. Nf7 a5 36. Nxh6 a4 37. Ng4 a3 38. Ne3 a2 39. Kg1 a1=Q+ 40. Kf2
Bc5 41. Ke2 Qe5 42. Kd1 {White resigns} 0-1

[Event "Team 45 45 League T64"]
[Site "Internet Chess Club"]
[Date "2015.04.11"]
[Round "6"]
[White "Fulmar"]
[Black "jjaco"]
[Result "1/2-1/2"]
[WhiteElo "1216"]
[BlackElo "1024"]
[Opening "Ruy Lopez: Caro variation"]
[ECO "C70"]
[Time "09:03:29"]
[TimeControl "2700+45"]

1. e4 e5 2. Nf3 Nc6 3. Bb5 a6 4. Ba4 b5 5. Bb3 Nf6 6. d3 Be7 7. c3 O-O 8. O-O d6
9. h3 Bb7 10. Be3 Re8 11. Ng5 Rf8 12. Nd2 Qd7 13. f4 h6 14. Ngf3 Nh5 15. Nh2 Ng3
16. Rf3 Bh4 17. f5 Na5 18. Bc2 f6 19. b4 Nc6 20. Bb3+ Kh8 21. Be6 Qe7 22. Qe1
Bc8 23. Rxg3 Bxg3 24. Qxg3 Bxe6 25. fxe6 Qxe6 26. Ng4 Rg8 27. d4 Raf8 28. dxe5
fxe5 29. Rf1 Rxf1+ 30. Nxf1 Qxa2 31. Qf2 Qe6 32. Qf5 Qxf5 33. exf5 {Game drawn
by mutual agreement} 1/2-1/2